 Dungeon Crawl Stone Soup version 0.21-a0-404-g291f19a (webtiles) character file.

4951 Megalobster the Destroyer (level 10, -1/56 HPs)
             Began as a Deep Elf Conjurer on Oct 28, 2017.
             Was a Follower of Vehumet.
             Hit by a tomahawk thrown by an orc warrior (17 damage)
             ... on level 9 of the Dungeon.
             The game lasted 01:06:54 (11780 turns).

Megalobster the Destroyer (Deep Elf Conjurer)      Turns: 11780, Time: 01:06:54

Health: -1/56      AC:  3    Str:  5    XL:     10   Next: 28%
Magic:  12/24      EV: 18    Int: 24    God:    Vehumet [*.....]
Gold:   136        SH:  0    Dex: 19    Spells: 7/26 levels left

rFire    + . .     SeeInvis .   n - +1 dagger (holy)
rCold    . . .     Gourm    +   (no shield)
rNeg     . . .     Faith    .   a - +0 robe
rPois    +         Spirit   .   (no helmet)
rElec    .         Reflect  .   D - +0 cloak {rPois}
rCorr    .         Harm     .   (no gloves)
MR       +....                  (no boots)
Stlth    ++++......             C - amulet of the gourmand
HPRegen  0.18/turn              x - ring of protection from fire
MPRegen  0.19/turn              v - +4 ring of dexterity

@: no status effects
A: no striking features
a: Renounce Religion


You were on level 9 of the Dungeon.
You worshipped Vehumet.
Vehumet was aware of your devotion.
You were completely stuffed.

You visited 2 branches of the dungeon, and saw 10 of its levels.

You collected 526 gold pieces.
You spent 390 gold pieces at shops.

Inventory:

Hand Weapons
 n - a +1 dagger of holy wrath (weapon)
 P - a +0 blowgun
Missiles
 k - 484 stones (quivered)
 m - 6 curare-tipped needles
 I - 37 poisoned needles
Armour
 a - a +0 robe (worn)
 A - a scarf of spirit shield
 D - a +0 cloak of poison resistance (worn)
 M - a +0 shield
 T - a +0 troll leather armour
Jewellery
 v - a +4 ring of dexterity (right hand)
 x - a ring of protection from fire (left hand)
 y - an uncursed ring of flight
 B - an uncursed amulet of regeneration
 C - an amulet of the gourmand (around neck)
 Q - an uncursed ring of resist corrosion
 R - an uncursed ring of positive energy {unknown}
Wands
 g - a wand of paralysis (11/24)
 p - a wand of lightning (10/15)
 w - a wand of flame (34/48)
 J - a wand of confusion (22/48)
 K - a wand of polymorph (15/24)
Scrolls
 d - 3 scrolls of enchant armour
 h - 7 scrolls of remove curse
 l - 5 scrolls of teleportation
 q - 2 scrolls of enchant weapon {unknown}
 t - a scroll of magic mapping {unknown}
 z - a scroll of immolation {unknown}
 E - a scroll of torment {unknown}
 G - a scroll of noise {unknown}
 L - a scroll of blinking {unknown}
 N - a scroll of recharging {unknown}
Potions
 e - 2 potions of cancellation
 i - 5 potions of might
 j - 2 potions of invisibility
 o - 3 potions of mutation
 r - a potion of flight
 s - a potion of magic {unknown}
 u - 4 potions of curing
 H - a potion of haste
Books
 b - a book of Conjurations

   Spells                             Type                      Level
   a - Magic Dart                     Conjuration                  1
   b - Searing Ray                    Conjuration                  2
   c - Dazzling Spray                 Conjuration/Hexes            3
   d - Fulminant Prism                Conjuration/Hexes            4
   e - Force Lance                    Conjuration/Translocation    4
   f - Iskenderun's Mystic Blast      Conjuration                  4
 F - a book of Misfortune

   Spells                             Type                      Level
   a - Confusing Touch                Hexes                        1
   b - Confuse                        Hexes                        3
   c - Gell's Gravitas                Translocation                3
   d - Petrify                        Transmutation/Earth          4
   e - Metabolic Englaciation         Hexes/Ice                    5
   f - Yara's Violent Unravelling     Hexes/Transmutation          5
 O - a book of Cantrips

   Spells                             Type                      Level
   a - Confusing Touch                Hexes                        1
   b - Animate Skeleton               Necromancy                   1
   c - Summon Small Mammal            Summoning                    1
   d - Apportation                    Translocation                1
Comestibles
 c - 5 bread rations
 f - 4 meat rations
 S - 2 chunks of flesh


   Skills:
 + Level 3.4 Fighting
 + Level 7.5 Dodging
 + Level 8.1 Stealth
 + Level 8.6 Spellcasting
 * Level 10.5 Conjurations
 - Level 3.0 Hexes
 - Level 3.5 Translocations
 * Level 2.8 Fire Magic


You had 7 spell levels left.
You knew the following spells:

 Your Spells              Type           Power        Failure   Level  Hunger
a - Magic Dart            Conj           ####         1%          1    None
b - Searing Ray           Conj           ######       1%          2    None
c - Iskenderun's Mystic   Conj           ######..     1%          4    ##.....
d - Fulminant Prism       Conj/Hex       #####.....   3%          4    ##.....
e - Force Lance           Conj/Tloc      #####...     3%          4    ##.....
f - Flame Tongue          Conj/Fire      #####        1%          1    None
g - Dazzling Spray        Conj/Hex       #####.       1%          3    None


Dungeon Overview and Level Annotations

Branches:
Dungeon (9/15)             Temple (1/1) D:5            Lair (0/6) D:9
    Orc: D:9-12

Altars:
Ashenzari
Cheibriados
Dithmenos
Elyvilon
Fedhas
Gozag
Hepliaklqana
Makhleb
Nemelex Xobeh
Okawaru
Qazlal
Ru
Sif Muna
Trog
Uskayaw
Vehumet
Wu Jian
Xom
Yredelemnul
Zin
The Shining One

Shops:
D:4 (   D:8 =


Message History

The orc warrior throws a tomahawk.
The tomahawk hits you.
You start resting.
Casting: Magic Dart
Confirm with . or Enter, or press ? or * to list all spells.
Aiming: Searing Ray
Press: ? - help, Shift-Dir - straight line, f/p - orc warrior
Aim: an orc warrior, wielding a dire flail and wearing a plate armour (heavily wounded)
The searing ray hits the orc warrior.
The orc warrior is heavily wounded. (Press . to maintain the ray.)
The orc warrior throws a tomahawk.
The tomahawk hits you!!
* * * LOW HITPOINT WARNING * * *
A worker ant zombie comes into view.
The searing ray hits the orc warrior.
The orc warrior is heavily wounded.
The orc warrior throws a tomahawk.
The tomahawk barely misses you.
The searing ray hits the orc warrior.
The orc warrior is almost dead.
The orc warrior throws a tomahawk.
The tomahawk hits you!
You die...

#
#..####........#.....####.....
####..#
#####....#..............
......# ###..#..............
......# #.................
#####.# ##............. .##
#.# #......(....... .+ #.#
#.............. #.###
#(.>.....##### #...#
##.@......#
######.###o##......#
....รท..(..#......#
..........#.....>#
..........#......#
.........*#.....Z' ###
...###..o##......# .<# ..
#...# ####### #.# . ....'


You could see an orc warrior and a worker ant zombie (wandering).

Vanquished Creatures
  2 two-headed ogres
  A troll (D:9)
  2 ice beasts
  The ghost of Rhok the Skirmisher, an amateur CeFi (D:4)
  2 black bears
  5 ogres
  A phantom (D:4)
  A sky beast (D:5)
  A necrophage (D:5)
  2 centaurs
  A big kobold (D:9)
  4 bullfrogs
  3 scorpions
  5 killer bees (D:7)
  6 wights
  4 crimson imps
  3 howler monkeys
  A centaur zombie (D:5)
  4 orc priests (D:5)
  2 hounds
  A quasit (D:8)
  A jelly (D:7)
  Crazy Yiuf (D:3)
  2 centaur skeletons (D:5)
  Jessica (D:3)
  3 orc wizards
  12 worker ants
  A worker ant zombie (D:5)
  A howler monkey skeleton (D:8)
  10 adders
  2 shadow imps
  3 oozes
  An adder zombie (D:8)
  2 worms (D:3)
  2 dart slugs
  3 leopard geckos
  16 orcs
  10 bats
  10 giant cockroaches
  4 goblins
  13 hobgoblins
  7 jackals
  5 quokkas
  A ball python (D:3)
  7 frilled lizards
  3 goblin skeletons (D:8)
  A hobgoblin zombie (D:8)
  21 kobolds
  An orc skeleton (D:8)
  2 orc zombies (D:8)
  A quokka zombie (D:7)
  8 rats
207 creatures vanquished.

Vanquished Creatures (others)
  27 fulminant prisms
27 creatures vanquished.

Grand Total: 234 creatures vanquished

Notes
Turn   | Place    | Note
-------+----------+-------------------------------------------
     0 | D:1      | Megalobster the Deep Elf Conjurer began the quest for the Orb.
     0 | D:1      | Reached XP level 1. HP: 10/10 MP: 6/6
   367 | D:1      | Reached XP level 2. HP: 15/15 MP: 6/8
   371 | D:1      | Learned a level 2 spell: Searing Ray
   854 | D:1      | Reached skill level 5 in Conjurations
  1017 | D:1      | Reached XP level 3. HP: 19/19 MP: 6/9
  1510 | D:2      | Noticed a scorpion
  1570 | D:2      | Killed a scorpion
  1570 | D:2      | Reached XP level 4. HP: 18/24 MP: 2/11
  1761 | D:2      | Learned a level 4 spell: Iskenderun's Mystic Blast
  1859 | D:2      | Found an opulent altar of Gozag.
  1922 | D:2      | Learned a level 4 spell: Fulminant Prism
  2116 | D:2      | Reached skill level 1 in Hexes
  2831 | D:3      | Noticed Jessica
  2834 | D:3      | Killed Jessica
  2834 | D:3      | Reached XP level 5. HP: 26/28 MP: 9/13
  3011 | D:3      | Reached skill level 6 in Conjurations
  3624 | D:3      | Found a faded altar of an unknown god.
  3694 | D:3      | Reached XP level 6. HP: 32/32 MP: 11/14
  4047 | D:3      | Found a shimmering altar of Xom.
  4286 | D:3      | Found a runed door.
  4290 | D:3      | Noticed Crazy Yiuf
  4294 | D:3      | Killed Crazy Yiuf
  4681 | D:4      | Found Caol's Weapon Emporium.
  4930 | D:4      | Reached skill level 5 in Spellcasting
  5080 | D:4      | Reached XP level 7. HP: 36/36 MP: 10/16
  5451 | D:4      | Reached skill level 7 in Conjurations
  5594 | D:4      | Learned a level 4 spell: Force Lance
  5620 | D:4      | Noticed Rhok's ghost (amateur CeFi)
  5631 | D:4      | Killed Rhok's ghost
  5631 | D:4      | Reached skill level 1 in Translocations
  5698 | D:5      | Entered Level 5 of the Dungeon
  5698 | D:5      | Found a staircase to the Ecumenical Temple.
  5735 | Temple   | Entered the Ecumenical Temple
  6230 | D:5      | Reached skill level 5 in Stealth
  6385 | D:5      | Reached XP level 8. HP: 41/41 MP: 3/18
  6567 | D:5      | Reached skill level 5 in Dodging
  6952 | D:5      | Reached skill level 8 in Conjurations
  8146 | D:7      | Reached skill level 1 in Fighting
  8684 | D:7      | Reached XP level 9. HP: 47/47 MP: 15/21
  8755 | D:7      | Found a burning altar of Makhleb.
  8837 | D:7      | Reached skill level 9 in Conjurations
  9037 | D:7      | Found a radiant altar of Vehumet.
  9040 | D:7      | Became a worshipper of Vehumet
  9525 | D:7      | Found a sacrificial altar of Ru.
  9685 | D:8      | Found a snail-covered altar of Cheibriados.
  9838 | D:8      | Found Vesiw's Jewellery Shop.
  9965 | D:8      | Noticed a two-headed ogre
  9987 | D:8      | Killed a two-headed ogre
  9987 | D:8      | Reached skill level 10 in Conjurations
 10222 | D:8      | Reached * piety under Vehumet
 10222 | D:8      | Offered knowledge of Flame Tongue by Vehumet.
 10309 | D:8      | Learned a level 1 spell: Flame Tongue
 10393 | D:8      | Found a glowing golden altar of the Shining One.
 10566 | D:8      | Found a stormy altar of Qazlal.
 10700 | D:8      | Learned a level 3 spell: Dazzling Spray
 10700 | D:8      | Bought an uncursed amulet of the gourmand for 390 gold pieces
 10764 | D:9      | Found a blossoming altar of Fedhas.
 10891 | D:9      | Found a staircase to the Lair.
 10957 | D:9      | Reached skill level 1 in Fire Magic
 11077 | D:9      | Found a hide-covered altar of Uskayaw.
 11123 | D:9      | Noticed a two-headed ogre
 11124 | D:9      | Noticed a troll
 11143 | D:9      | Killed a two-headed ogre
 11143 | D:9      | Reached XP level 10. HP: 56/56 MP: 3/24
 11519 | D:9      | Found a shimmering altar of Xom.
 11780 | D:9      | Hit by a tomahawk thrown by an orc warrior

Vault maps used:
D:1:      evilmike_arrival_crescent
D:2:      grunt_gozag_breadcrumbs
D:3:      chequers_ecumenical_altar_lobes, tgw_xom, uniq_crazy_yiuf_cottage,
          uniq_jessica
D:4:      serial_shops, nicolae_shop_temple_entry_statues_fountains, first_bread
D:5:      temple_pool_b, st_stairs_11, grunt_decor_mini_mirrors,
          grunt_ministairs_13
D:7:      lemuel_doored_altar, basic_altar, nicolae_ru_the_path_less_chosen
D:8:      grunt_qazlal_sundering, cheibriados_altar_1,
          nicolae_tso_besieged_by_evil, serial_shops,
          nicolae_shop_window_shopping
D:9:      nicolae_overflow_crystal_walls, fedhas_altar_2, minitemple,
          dpeg_oklobed_lair, grunt_ogre_cave, grunt_ministairs_3
Temple:   oiseaux_autumnal_temple

Skill      XL: |  1  2  3  4  5  6  7  8  9 10 |
---------------+-------------------------------+-----
Stealth        | 3 4 5 6 7 8 |  8.1
Conjurations   | 5 6 7 8 10 | 10.5
Spellcasting   | 4 5 7 8 |  8.6
Dodging        | 3 4 6 7 |  7.5
Hexes          | 1 2 3 |  3.0
Translocations | 2 3 |  3.5
Fighting       | 1 3 |  3.4
Fire Magic     | 2 |  2.8

Action                   |  1- 3 |  4- 6 |  7- 9 | 10-12 || total
-------------------------+-------+-------+-------+-------++-------
Melee: Dagger            |     2 |     2 |     1 |       ||     5
Throw: Stone             |       |       |     1 |       ||     1
 Cast: Magic Dart        |    40 |    70 |   105 |    21 ||   236
       Searing Ray       |     8 |    29 |    27 |     6 ||    70
       Iskenderun's Myst |       |     3 |    17 |     2 ||    22
       Fulminant Prism   |       |     1 |    23 |     3 ||    27
       Force Lance       |       |       |    16 |     1 ||    17
       Flame Tongue      |       |       |     7 |     7 ||    14
 Abil: Evoke Flight      |       |       |     1 |       ||     1
  Use: Scroll            |       |     6 |     6 |       ||    12
 Stab: Sleeping          |     2 |     1 |       |       ||     3
  Eat: Chunk             |     1 |     3 |     5 |     7 ||    16
       Royal jelly       |     1 |       |     2 |       ||     3
       Meat ration       |       |     2 |     3 |       ||     5
Armor: Robe              |     2 |     2 |    10 |       ||    14
Dodge: Dodged            |     6 |    12 |    49 |     3 ||    70

Table legend:
 A = Spawn XP
 B = Non-spawn XP
 C = Spawn XP percentage of total XP
 D = Spawn monster count
 E = Non-spawn monster count
 F = Spawn count percentage of total count
 G = Total turns spent on level
                    A         B        C        D         E        F      G
               +---------+---------+-------+---------+---------+-------+---------
         Total |       0 |    7074 |   0.0 |       0 |     207 |   0.0 | 11780
               +---------+---------+-------+---------+---------+-------+---------
           D:1 |       0 |      42 |   0.0 |       0 |      25 |   0.0 |  1320
           D:2 |       0 |     150 |   0.0 |       0 |      29 |   0.0 |  1630
           D:3 |       0 |     262 |   0.0 |       0 |      39 |   0.0 |  1511
           D:4 |       0 |     634 |   0.0 |       0 |      11 |   0.0 |  1237
           D:5 |       0 |     918 |   0.0 |       0 |      20 |   0.0 |  1343
           D:6 |       0 |     176 |   0.0 |       0 |       9 |   0.0 |   889
           D:7 |       0 |    1228 |   0.0 |       0 |      21 |   0.0 |  1224
           D:8 |       0 |    1781 |   0.0 |       0 |      29 |   0.0 |  1158
           D:9 |       0 |    1883 |   0.0 |       0 |      24 |   0.0 |  1042
               +---------+---------+-------+---------+---------+-------+---------
